 Dungeon Crawl Stone Soup version 0.30-a0-802-gb92711bcdf (webtiles) character file.

Game seed: 579266614550256890

530 bande the Chopper (level 7, -6/44 HPs)
             Began as a Gargoyle Fighter on Feb 25, 2023.
             Killed by divine providence
             ... invoked by an orc priest
              (14 damage)
             ... on level 4 of the Dungeon.
             The game lasted 00:04:58 (3233 turns).

bande the Chopper (Gargoyle Fighter)                Turns: 3233, Time: 00:04:59

Health: -6/44      AC: 10    Str: 19    XL:     7   Next: 24%
Magic:  7/7        EV:  6    Int:  9    God:
Gold:   196        SH:  5    Dex: 11    Spells: 6/6 levels left

rFire   . . .      SeeInvis .    a - +0 war axe
rCold   . . .      Faith    .    c - +0 buckler
rNeg    + . .      Spirit   .    v - +0 plate armour
rPois   ∞          Reflect  .    (no helmet)
rElec   +          Harm     .    (no cloak)
rCorr   .          Rampage  .    (no gloves)
Will    .....                    d - +0 pair of boots Stlth
                                 (no amulet)
HPRegen 0.27/turn                (no ring)
MPRegen 0.10/turn                (no ring)

@: corroded
A: sickness immunity, AC +4, negative energy resistance 1, electricity
resistance, torment resistance 1, petrification resistance, sturdy frame 1
a: no special abilities


You were on level 4 of the Dungeon.
You visited 1 branch of the dungeon, and saw 5 of its levels.

You collected 196 gold pieces.

Inventory:

Hand Weapons
 a - a +0 war axe (weapon)
 s - a +0 war axe
Armour
 c - a +0 buckler (worn)
 d - a +0 pair of boots (worn)
 v - a +0 plate armour (worn)
Jewellery
 t - an amulet of the acrobat
 u - a ring of see invisible
Wands
 b - a wand of polymorph (9)
Scrolls
 i - 2 scrolls of amnesia
 j - a scroll of identify
 m - 5 scrolls of teleportation
Potions
 e - a potion of lignification {unknown}
 f - a potion of cancellation {unknown}
 g - 2 potions of curing
 h - 3 potions of haste
 k - 2 potions of mutation
 n - a potion of ambrosia {unknown}
 r - a potion of flight


   Skills:
 + Level 4.4 Fighting
 + Level 5.1 Axes
 + Level 4.7 Armour
 + Level 4.6 Shields
 * Level 0.2 Evocations


You had 6 spell levels left.
You didn't know any spells.
Your spell library contained the following spells:

 Spells                   Type           Power      Damage    Failure   Level
 Ozocubu's Armour         Ice            0%         N/A       100%        3
 Metabolic Englaciation   Hex/Ice        0%         N/A       100%        5
 Simulacrum               Ice/Necr       0%         N/A       100%        6


Dungeon Overview and Level Annotations

Branches:
Dungeon (5/15)
 Temple: D:4-7

Altars:
Elyvilon

Annotations:
D:5 2 runed translucent doors


Innate Abilities, Weirdness & Mutations

You are immune to sickness and miasma.
Your stone body is resilient. (AC +4)
You are immune to poison.
You resist negative energy. (rN+)
You are resistant to electric shocks. (rElec)
You are resistant to unholy torment.
You are immune to petrification.
Your movements are slightly less encumbered by armour. (ER -2)


Message History

You hit the jelly.
Your hands burn!
The jelly is moderately wounded.
The jelly hits you but does no damage.
You hit the jelly.
Your hands burn!
The jelly is moderately wounded.
The jelly barely misses you.
You barely miss the jelly.
The jelly is moderately wounded.
You hit the orc priest but do no damage.
The jelly hits you. The acid corrodes you!
You are splashed with acid!
The orc priest hits you but does no damage.
The jelly hits you but does no damage.
You slash the jelly! The acid corrodes you!
Your hands burn!
The jelly is almost dead.
You closely miss the orc priest.
The orc priest hits you but does no damage.
The jelly hits you but does no damage.
You hit the jelly but do no damage.
Your hands burn!
The jelly is almost dead.
You closely miss the orc priest. The orc priest closely misses you.
The jelly hits you but does no damage.
The orc priest hits you but does no damage.
You completely miss the jelly.
The jelly is almost dead.
You closely miss the orc priest. The jelly barely misses you.
The orc priest invokes the aid of Beogh against you.
You struggle to resist.
The jelly hits you.
You are splashed with acid!
You are too injured to fight recklessly!
You slash the jelly!
You kill the jelly!
You barely miss the orc priest. You block the orc priest's attack.
You block the orc priest's attack.
You hit the orc priest.
The orc priest is lightly wounded.
The orc priest invokes the aid of Beogh against you.
Beogh smites you!
* * * LOW HITPOINT WARNING * * *
The orc priest mumbles some strange prayers to Beogh against you.
Beogh smites you!
You die...

......###...# #....#
..##........#######.###.##
..##........#..............
....#.....#####.....#...###
.###...#....# #.#.......#
.......#..#.###.#.....###
#..(..........#.#.......
............#..>o...#####
#....#...##.#...@.......
#..#...#.##.#..###......
...............# ......
#...........##.# .....
#......#######.# ##..
##.#....#......###### ####+##
##....###.....###...# #.....#
........#.....#.....###.....#
##....#.#.....#.....#.......#


You could see an orc priest.

Vanquished Creatures
  Pargi (D:3)
  2 scorpions
  A necrophage (D:4)
  A jelly (D:4)
  Jessica (D:3)
  2 iguanas (D:5)
  Ijyb (D:3)
  5 adders
  An ufetubus (D:4)
  2 worms (D:2)
  6 endoplasms
  4 giant cockroaches
  7 goblins
  5 hobgoblins
  A quokka (D:2)
  7 ball pythons
  A bat (D:1)
  6 frilled lizards
  10 kobolds
  4 rats
68 creatures vanquished.

Notes
Turn   | Place    | Note
-------+----------+-------------------------------------------
     0 | D:1      | bande the Gargoyle Fighter began the quest for the Orb.
     0 | D:1      | Reached XP level 1. HP: 14/14 MP: 1/1
   102 | D:1      | Reached XP level 2. HP: 17/19 MP: 2/2
   253 | D:1      | Reached skill level 2 in Axes
   639 | D:1      | Found a faded altar of an unknown god.
   702 | D:2      | Reached XP level 3. HP: 19/23 MP: 3/3
   743 | D:2      | HP: 1/23 [worm (5)]
  1478 | D:2      | Reached XP level 4. HP: 29/29 MP: 4/4
  1896 | D:3      | Noticed Jessica
  1901 | D:3      | Noticed Pargi
  1907 | D:3      | Killed Jessica
  1908 | D:3      | Reached skill level 3 in Axes
  1920 | D:3      | Killed Pargi
  1921 | D:3      | Reached skill level 4 in Axes
  1921 | D:3      | Reached XP level 5. HP: 17/33 MP: 5/5
  2099 | D:3      | Gained mutation: Your movements are slightly less
                  | encumbered by armour. (ER -2) [potion of mutation]
  2130 | D:3      | Noticed Ijyb
  2147 | D:3      | Killed Ijyb
  2148 | D:3      | Reached XP level 6. HP: 38/38 MP: 6/6
  2729 | D:4      | You fall into a shaft and drop 1 floor!
  2729 | D:5      | Entered Level 5 of the Dungeon
  2742 | D:5      | Found a large runed translucent door.
  2742 | D:5      | Found a large runed translucent door.
  2932 | D:5      | Noticed a yak
  2934 | D:5      | Identified the +9 long sword "Xizas" {flame, rPois rF++ rN+
                  | Dex-2}
  2935 | D:5      | Noticed a yak
  3040 | D:4      | Reached skill level 5 in Axes
  3040 | D:4      | Reached XP level 7. HP: 42/44 MP: 7/7
  3136 | D:4      | Found a white marble altar of Elyvilon.
  3233 | D:4      | Killed from afar by an orc priest

Illustrated notes

Levels and vault maps discovered:
D:1:      pf_arrival_petrified_forest, layout_basic,
          shapermc_ecumenical_altar_mp_urbaneastern
D:2:      wander_river, layout_loops_ring
D:3:      cheibrodos_helix_gallery, layout_basic, uniq_pargi, uniq_jessica,
          uniq_ijyb
D:4:      layout_basic, general_overflow_altar, chequers_serial_rivers_large_a,
          minmay_misc_feat_secret_circle
D:5:      layout_basic, minmay_misc_feat_roman, minmay_hollow_rounded_squares

Skill      XL: |  1  2  3  4  5  6 |
---------------+-------------------+-----
Axes           | 2 4 5 |  5.1
Fighting       | 4 |  4.4
Armour         | 4 |  4.7
Shields        | 4 |  4.6
Evocations     | |  0.2

Action                     |  1- 3 |  4- 6 |  7- 9 || total
---------------------------+-------+-------+-------++-------
  Melee: War axe           |   111 |   123 |    16 ||   250
    Use: Potion            |       |     3 |       ||     3
         Scroll            |       |    13 |       ||    13
 Armour: Scale mail        |    50 |    12 |       ||    62
         Plate armour      |       |   128 |    19 ||   147
         Skin              |       |     6 |       ||     6
  Dodge: Dodged            |    42 |    46 |     8 ||    96
  Block: Buckler           |    26 |    43 |     7 ||    76

Table legend: (Time is in decaauts)
 A = Elapsed time spent in this place.
 B = Non-inter-level travel time spent in this place.
 C = Inter-level travel time spent in this place.
 D = Time resting spent in this place.
 E = Time spent auto-exploring this place.
 F = Levels seen in this place.
 G = Mean time per level.
                   A        B        C        D        E       F      G
               +--------+--------+--------+--------+--------+-----+--------+
         Total |   3359 |   3309 |     50 |    609 |   2004 |   5 |  671.8 |
       Dungeon |   3359 |   3309 |     50 |    609 |   2004 |   5 |  671.8 |
               +--------+--------+--------+--------+--------+-----+--------+

Top non-repeatable levels by time:
     D:2: 1078 daAuts
     D:3: 936 daAuts
     D:1: 692 daAuts
     D:4: 367 daAuts
     D:5: 283 daAuts
